Map: Proxima Station LE

Players

Fropez

  • Race: Protoss Protoss
  • League: Platinum
  • Spawn Location: 1:00

Citizen - Winner!

  • Race: Terran Terran
  • Spawn Location: 7:00

VOD

Have the link to the VOD?

Description

Time

  • Played on: Jan. 30, 2017, 5:10 p.m.
  • Length: 12:42
Show
View Real Time Build Order
Export as new Build Order

Fropez Protoss 

Build Orders: 1 Gate Expand 

Get SALT Encoding   

  12  0:01  Probe (Chrono Boost)  
  13  0:11  Probe (Chrono Boost)  
  14  0:22  Probe (Chrono Boost)  
  15  0:31  Pylon  
  15  0:49  Probe (Chrono Boost)  
  16  0:54  Gateway  
  16  0:55  Gateway  
  16  1:01  Probe (Chrono Boost)  
  17  1:15  Probe (Chrono Boost)  
  18  1:27  Pylon  
  18  1:34  Nexus, Probe (Chrono Boost)  
  18  1:51  Probe (Chrono Boost)  
  19  1:55  Assimilator  
  19  1:58  Assimilator  
  19  2:02  Probe (Chrono Boost)  
  20  2:09  Cybernetics Core  
  20  2:13  Probe (Chrono Boost)  
  21  2:18  Pylon  
  21  2:23  Probe (Chrono Boost)  
  22  2:32  Warp Gate  
  22  2:34  Probe (Chrono Boost)  
  23  2:46  Probe (Chrono Boost)  
  23  2:50  Probe (Chrono Boost)  
  25  3:03  Twilight Council  
  25  3:06  Assimilator  
  25  3:09  Assimilator  
  25  3:11  Probe (Chrono Boost)  
  25  3:12  Pylon, Probe (Chrono Boost)  
  27  3:13  Adept x2  
  31  3:21  Probe (Chrono Boost)  
  31  3:25  Probe (Chrono Boost)  
  33  3:30  Resonating Glaives  
  34  3:38  Probe (Chrono Boost)  
  34  3:41  Mothership Core (Chrono Boost)  
  36  3:50  Adept x2  
  36  3:54  Probe (Chrono Boost)  
  41  3:56  Pylon  
  41  4:01  Probe (Chrono Boost)  
  42  4:06  Pylon  
  42  4:08  Probe (Chrono Boost)  
  43  4:14  Pylon  
  43  4:15  Probe (Chrono Boost)  
  44  4:22  Probe (Chrono Boost)  
  43  4:43  Forge  
  43  4:44  Probe x2 (Chrono Boost)  
  41  4:46  Pylon  
  39  4:56  Probe (Chrono Boost)  
  39  4:57  Probe (Chrono Boost)  
  42  5:08  Probe (Chrono Boost)  
  42  5:09  Probe (Chrono Boost)  
  43  5:19  Photon Cannon  
  43  5:21  Probe x2 (Chrono Boost)  
  32  5:33  Probe x2 (Chrono Boost)  
  34  5:41  Photon Cannon  
  34  5:44  Protoss Ground Weapons Level 1  
  34  5:45  Probe x2 (Chrono Boost)  
  38  5:57  Probe x2 (Chrono Boost)  
  38  6:01  Pylon  
  38  6:09  Probe x2 (Chrono Boost), Photon Cannon  
  40  6:14  Adept  
  40  6:16  Adept  
  44  6:21  Probe x2 (Chrono Boost)  
  46  6:33  Probe (Chrono Boost)  
  46  6:34  Probe (Chrono Boost)  
  46  6:36  Robotics Facility  
  46  6:45  Probe (Chrono Boost)  
  44  6:59  Probe x2 (Chrono Boost), Photon Cannon  
  46  7:02  Adept  
  46  7:03  Adept  
  50  7:09  Templar Archives  
  50  7:11  Probe (Chrono Boost)  
  50  7:12  Probe (Chrono Boost)  
  54  7:23  Probe (Chrono Boost), Immortal  
  54  7:24  Probe (Chrono Boost)  
  58  7:34  Protoss Ground Weapons Level 2  
  58  7:36  Probe x2 (Chrono Boost)  
  60  7:37  Robotics Facility  
  60  7:45  Adept  
  60  7:46  Adept  
  60  7:48  Probe x2 (Chrono Boost)  
  66  8:02  Immortal  
  70  8:09  Pylon  
  70  8:18  Adept x2  
  74  8:24  Immortal  
  74  8:28  Adept  
  66  8:44  Probe x2 (Chrono Boost)  
  66  8:46  Immortal  
  66  9:00  Gateway  
  66  9:01  Gateway  
  66  9:04  Gateway  
  66  9:05  Pylon  
  66  9:08  Pylon  
  66  9:10  Photon Cannon  
  66  9:12  Immortal  
  70  9:22  Pylon  
  70  9:24  Pylon  
  70  9:26  Pylon  
  70  9:34  Warp Prism  
  72  9:46  Photon Cannon  
  70  10:05  High Templar x2  
  74  10:10  Gateway  
  74  10:11  Archon, Gateway  
  70  10:34  Cybernetics Core  
  70  10:37  Gateway, Immortal x2  
  70  10:40  Pylon, Gateway  
  78  10:47  High Templar x3  
  84  10:51  Archon  
  84  11:15  High Templar  
  86  11:23  High Templar x4  
  92  11:29  Archon x2  
  92  11:32  Archon  
  92  11:45  High Templar x2  
  96  11:49  Archon  
  96  12:01  High Templar x2  
  96  12:02  High Templar x2  
  96  12:05  Archon  
  96  12:06  Archon  
  102  12:20  High Templar x2  
  108  12:35  Archon  
Show
View Real Time Build Order
Export as new Build Order

Citizen Terran - Winner!

Build Orders: Mech 

Get SALT Encoding   

  12  0:02  SCV  
  14  0:14  SCV  
  14  0:19  Supply Depot  
  14  0:26  SCV  
  15  0:40  SCV  
  15  0:42  Barracks  
  16  0:45  Refinery  
  16  0:53  SCV  
  17  1:05  SCV  
  18  1:17  SCV  
  19  1:29  Supply Depot  
  19  1:30  Orbital Command  
  19  1:31  Marine  
  20  1:51  Factory  
  20  1:57  SCV, Refinery  
  20  1:59  Marine  
  22  2:09  SCV  
  23  2:16  Supply Depot  
  23  2:21  SCV  
  24  2:34  SCV  
  24  2:35  Starport  
  25  2:37  Factory Reactor  
  25  2:50  SCV  
  26  2:53  Command Center  
  26  2:58  Supply Depot  
  26  3:02  SCV  
  27  3:13  Medivac  
  27  3:14  Widow Mine x2  
  33  3:27  Factory  
  33  3:31  SCV  
  34  3:36  Marine, Engineering Bay  
  35  3:43  Factory  
  35  3:52  SCV  
  35  3:53  Widow Mine  
  35  3:54  Starport Reactor  
  38  3:56  Widow Mine  
  40  4:04  SCV  
  40  4:08  Supply Depot  
  41  4:16  Orbital Command  
  41  4:18  SCV  
  41  4:19  Factory Tech Lab  
  42  4:33  SCV  
  43  4:45  SCV  
  44  4:57  SCV  
  45  5:04  Missile Turret  
  45  5:06  Missile Turret  
  45  5:08  SCV, Refinery  
  45  5:09  SCV  
  45  5:11  Factory Tech Lab, Refinery  
  47  5:20  SCV  
  49  5:21  SCV  
  49  5:33  SCV  
  50  5:41  Siege Tank x2, Liberator  
  56  5:45  SCV  
  57  5:50  SCV  
  57  5:51  Liberator  
  57  5:56  Missile Turret  
  58  5:57  SCV  
  58  6:02  SCV  
  63  6:09  SCV  
  67  6:13  Siege Tank  
  67  6:15  Command Center  
  70  6:27  Supply Depot  
  70  6:30  Supply Depot  
  70  6:33  Supply Depot  
  70  6:47  SCV x2  
  70  6:49  Siege Tank  
  73  6:56  Liberator  
  73  6:59  SCV  
  73  7:00  Siege Tank  
  77  7:06  Armory  
  77  7:10  SCV, Armory  
  77  7:11  SCV  
  77  7:13  Supply Depot  
  82  7:16  Supply Depot  
  82  7:21  Siege Tank  
  81  7:33  SCV x2  
  83  7:37  Command Center  
  83  7:42  Missile Turret  
  83  7:43  Orbital Command  
  83  7:45  SCV x2  
  83  7:50  Starport  
  85  7:53  Supply Depot, Hi-Sec Auto Tracking  
  85  7:57  SCV x2  
  87  8:09  Liberator x2  
  89  8:30  Factory  
  89  8:34  Starport Reactor, SCV  
  89  8:35  SCV  
  85  8:52  Liberator x2  
  85  8:59  Siege Tank x2  
  97  9:19  Orbital Command x2  
  97  9:31  Siege Tank  
  97  9:33  Terran Vehicle Weapons Level 1  
  97  9:34  Terran Vehicle And Ship Armor Level 1  
  98  9:41  Refinery  
  91  9:50  Siege Tank  
  93  10:03  Siege Tank  
  96  10:09  SCV x4  
  101  10:21  SCV x4  
  101  10:27  Siege Tank  
  105  10:29  Refinery  
  105  10:30  Factory Tech Lab  
  105  10:33  SCV  
  105  10:35  Siege Tank, SCV  
  107  10:38  Missile Turret  
  110  10:45  Barracks  
  110  10:46  SCV x3  
  110  10:47  SCV  
  110  10:49  Siege Tank  
  117  10:50  Hellbat x2  
  121  10:58  SCV x2, Factory  
  121  10:59  Siege Tank  
  126  11:07  Siege Tank  
  129  11:12  Hellbat x2  
  133  11:23  Hellbat  
  135  11:31  Hellbat  
  137  11:33  Hellbat x2  
  144  11:40  Siege Tank  
  144  11:44  Siege Tank  
  147  12:09  Hellbat  
  147  12:11  Hellbat  
  147  12:28  Missile Turret  
  147  12:30  Missile Turret  
  147  12:32  Missile Turret  
  147  12:35  Missile Turret x2  
Tags
 
Composition
Mech
League
Platinum
Matchup
PvT
Replay Pack
All Mines
Spawn Locations
Cross Positions
Add a new tag
Caveats
  • Supply blocks, unpowered buildings, or Contaminate may cause inaccurate times.
  • Supply counts are checked every 10 seconds.